 Dungeon Crawl Stone Soup version 0.23-a0-49-gd9f7a49 (webtiles) character file.

30 Moebius the Sneak (level 3, -2/19 HPs)
             Began as a Tengu Enchanter on Aug 6, 2018.
             Slain by Terence
             ... wielding a cursed +0 hand axe
              (9 damage)
             ... on level 2 of the Dungeon.
             The game lasted 00:05:19 (1144 turns).

Moebius the Sneak (Tengu Enchanter)                 Turns: 1144, Time: 00:05:20

Health: -2/19      AC:  2    Str:  8    XL:     3   Next: 18%
Magic:  4/7        EV: 13    Int: 16    God:
Gold:   41         SH:  0    Dex: 14    Spells: 5/6 levels left

rFire    . . .     SeeInvis .   j - -3 trident (curse)
rCold    . . .     Gourm    .   (no shield)
rNeg     . . .     Faith    .   b - +0 robe
rPois    .         Spirit   .   (helmet restricted)
rElec    .         Reflect  .   (no cloak)
rCorr    .         Harm     .   (no gloves)
MR       .....                  (boots unavailable)
Stlth    ++........             (no amulet)
HPRegen  0.06/turn              (no ring)
MPRegen  0.10/turn              (no ring)

@: no status effects
A: beak, talons 3
a: no special abilities


You were on level 2 of the Dungeon.
You were not hungry.

You visited 1 branch of the dungeon, and saw 3 of its levels.

You collected 41 gold pieces.

Inventory:

Hand Weapons
 a - a +1 dagger
 j - a cursed -3 trident (weapon)
 k - a +0 hunting sling
Missiles
 c - 22 sling bullets
Armour
 b - a +0 robe (worn)
Potions
 e - a potion of mutation {unknown}
 g - a potion of ambrosia {unknown}
 h - a potion of berserk rage {unknown}
 i - a potion of agility {unknown}
Comestibles
 d - 7 rations


   Skills:
 + Level 0.2 Fighting
 - Level 1.3 Short Blades
 + Level 2.5 Dodging
 + Level 3.6 Stealth
 + Level 2.2 Spellcasting
 + Level 2.3 Hexes


You had 5 spell levels left.
You knew the following spells:

 Your Spells              Type           Power        Failure   Level  Hunger
a - Corona                Hex            #......      8%          1    #......

Your spell library contained the following spells:

 Spells                   Type           Power        Failure   Level  Hunger
 Confuse                  Hex            #.......     24%         3    ###....
 Tukima's Dance           Hex            #.......     24%         3    ###....
 Ensorcelled Hibernation  Hex/Ice        #.....       19%         2    ###....
 Dazzling Spray           Conj/Hex       #.....       36%         3    ###....


Dungeon Overview and Level Annotations

Branches:
Dungeon (3/15)

Altars:

Annotations:
D:2 Terence


Innate Abilities, Weirdness & Mutations

You have a beak for a mouth.
You have claws for feet.


Message History

Aiming: Corona (safe; 8% risk of failure)
Press: ? - help, Shift-Dir - straight line, f/p - Terence
Aim: Terence, wielding a hand axe and wearing a ring mail (chance to defeat MR: 52%) Terence struggles to resist.
Terence hits you with a hand axe.
You hit Terence.
Terence is lightly wounded.
Terence misses you.
Casting: Corona (safe; 8% risk of failure)
Confirm with . or Enter, or press ? or * to list all spells.
Aiming: Corona (safe; 8% risk of failure)
Press: ? - help, Shift-Dir - straight line, f/p - Terence
Aim: Terence, wielding a hand axe and wearing a ring mail (lightly wounded, chance to defeat MR: 52%) Terence is outlined in light.
Terence hits you with a hand axe.
You hit Terence but do no damage. Your peck misses Terence.
Terence is lightly wounded.
Terence misses you.
You hit Terence. You claw Terence, but do no damage.
Terence is moderately wounded.
Terence hits you with a hand axe!
You die...

#..... ...
#.......# ..#
#....... ...#
#....... .....
#......
#####...#
#...... .....#
#.....#########
##.......g@@..[#
#.....>..#####.#
#.########


You could see Terence and a goblin.

Vanquished Creatures
  A dart slug (D:2)
  A leopard gecko (D:1)
  A giant cockroach (D:1)
  7 goblins
  2 hobgoblins (D:1)
  2 jackals (D:1)
  A kobold (D:1)
  3 bats (D:1)
  2 frilled lizards (D:1)
  4 rats (D:1)
24 creatures vanquished.

Notes
Turn   | Place    | Note
-------+----------+-------------------------------------------
     0 | D:1      | Moebius the Tengu Enchanter began the quest for the Orb.
     0 | D:1      | Reached XP level 1. HP: 10/10 MP: 4/4
   113 | D:1      | Reached XP level 2. HP: 14/15 MP: 6/6
   876 | D:1      | Reached XP level 3. HP: 19/19 MP: 7/7
  1129 | D:2      | Noticed Terence
  1144 | D:2      | Slain by Terence

Vault maps used:
D:1:      dpeg_arrival_subterranean_lakeside_camping, grunt_decor_fettered,
          minmay_misc_feat_secret_circle, serial_park_tiny_1, minivault_25
D:2:      cheibriados_altar_1, kiku_gazebo_garden_becter,
          serial_co_window_serial, co_window_corner_a, co_window_corner_a,
          co_window_paths_a, co_window_paths_a, co_window_paths_b,
          co_window_broadway_b, co_window_paths_c, co_window_broadway_a,
          glass_columns_b, glass_columns_a, glass_columns_b, glass_columns_a,
          first_ration, uniq_terence
D:3:      grunt_temple_overflow_lords_of_destruction, serial_bayou_pond_e,
          uniq_natasha, uniq_ijyb, uniq_sigmund, uniq_jessica

Action                   || total
-------------------------++-------
Melee: Dagger            ||    48
       Peck              ||     6
       Kick              ||     5
       Trident           ||     5
 Fire: Hunting sling     ||    16
 Cast: Corona            ||     3
  Use: Scroll            ||     5
 Stab: Sleeping          ||     6
  Eat: Chunk             ||     1
Armor: Robe              ||     4
Dodge: Dodged            ||    38

Table legend:
 A = Spawn XP
 B = Non-spawn XP
 C = Spawn XP percentage of total XP
 D = Spawn monster count
 E = Non-spawn monster count
 F = Spawn count percentage of total count
 G = Total turns spent on level
                    A         B        C        D         E        F      G
               +---------+---------+-------+---------+---------+-------+---------
         Total |       0 |      43 |   0.0 |       0 |      24 |   0.0 |  1144
               +---------+---------+-------+---------+---------+-------+---------
           D:1 |       0 |      37 |   0.0 |       0 |      22 |   0.0 |  1027
           D:2 |       0 |       6 |   0.0 |       0 |       2 |   0.0 |    94
               +---------+---------+-------+---------+---------+-------+---------
